Map: Prion Terraces

Players

Ascarecrow - Winner!

  • Race: Zerg Zerg
  • League: Master

Cure

  • Race: Terran Terran
  • League: Diamond

VOD

Have the link to the VOD?

Description

Time

  • Played on: Jan. 1, 2016, 9:09 p.m.
  • Length: 3:39
Show
View Real Time Build Order
Export as new Build Order

Ascarecrow Zerg - Winner!

Build Orders: Pool First 

Get SALT Encoding   

  12  0:01  Drone  
  13  0:08  Drone  
  13  0:14  Extractor  
  13  0:16  Drone  
  14  0:34  Spawning Pool  
  14  0:35  Drone  
  14  0:44  Overlord  
  14  0:50  Extractor  
  14  0:51  Drone  
  15  1:03  Drone x2  
  17  1:10  Drone  
  18  1:21  Queen  
  20  1:26  Metabolic Boost  
  20  1:31  Zergling x2  
  20  1:32  Zergling x2  
  22  1:55  Hatchery  
  22  1:56  Zergling x2  
  22  2:01  Overlord  
  22  2:22  Zergling x4  
  23  2:25  Queen  
  25  2:33  Zergling x6  
  28  2:38  Overlord  
  27  2:52  Zergling x4  
  27  3:08  Zergling x4  
  27  3:09  Zergling x6  
  32  3:21  Zergling x2  
  32  3:22  Zergling x2  
Show
View Real Time Build Order
Export as new Build Order

Cure Terran 

Build Orders:  

Get SALT Encoding   

  12  0:01  SCV  
  13  0:13  SCV  
  14  0:18  Supply Depot  
  14  0:30  Refinery  
  14  0:43  Barracks  
  14  0:53  Barracks  
  14  0:59  SCV  
  15  1:11  SCV  
  16  1:23  SCV  
  17  1:30  Reaper  
  17  1:31  Barracks  
  18  1:40  Reaper  
  18  1:42  Refinery  
  18  1:46  SCV  
  20  1:58  SCV  
  21  2:02  Reaper  
  22  2:11  Supply Depot  
  22  2:12  Reaper  
  23  2:27  Orbital Command  
  23  2:33  Reaper  
  24  2:53  Reaper  
  25  3:05  Reaper x2  
  26  3:19  Barracks  
Tags
 
Add a new tag
Caveats
  • Supply blocks, unpowered buildings, or Contaminate may cause inaccurate times.
  • Supply counts are checked every 10 seconds.